Map: Prion Terraces

Players

LilDicky

  • Race: Terran Terran
  • League: Diamond

Scord - Winner!

  • Race: Zerg Zerg
  • League: Diamond

VOD

http://www.twitch.tv/tumescentpie

Description

Time

  • Played on: Nov. 27, 2015, 8:46 a.m.
  • Length: 18:00
Show
View Real Time Build Order
Export as new Build Order

LilDicky Terran 

Build Orders:  

Get SALT Encoding   

  12  0:01  SCV  
  13  0:13  SCV  
  14  0:18  Supply Depot  
  14  0:25  SCV  
  15  0:39  SCV  
  15  0:40  Barracks  
  16  0:51  SCV  
  17  1:00  Refinery  
  17  1:03  SCV  
  18  1:17  SCV  
  19  1:27  Supply Depot, Marine  
  19  1:29  Orbital Command  
  20  1:48  Marine  
  21  1:54  Command Center  
  21  1:56  SCV  
  22  2:02  Factory  
  22  2:10  SCV  
  22  2:11  Marine  
  24  2:24  SCV  
  24  2:29  Marine  
  26  2:36  SCV  
  27  2:45  Refinery  
  27  2:46  Factory Tech Lab  
  27  2:48  Marine  
  27  2:49  Command Center  
  28  2:57  SCV, Supply Depot  
  29  3:09  SCV  
  31  3:15  Orbital Command  
  31  3:18  Siege Tank  
  33  3:20  Marine  
  33  3:24  SCV  
  35  3:34  Engineering Bay  
  35  3:36  SCV  
  35  3:38  Marine  
  37  3:44  SCV  
  37  3:49  SCV  
  38  4:08  SCV  
  39  4:11  SCV  
  39  4:12  Siege Tank  
  43  4:19  Starport  
  43  4:20  SCV  
  43  4:24  SCV  
  45  4:30  Planetary Fortress  
  45  4:31  Bunker  
  45  4:32  SCV  
  46  4:40  Refinery  
  46  4:41  SCV  
  46  4:42  Refinery  
  46  4:44  Marine  
  48  4:51  Siege Tank  
  51  4:58  Orbital Command  
  43  5:10  Starport Tech Lab  
  38  5:18  Marine  
  39  5:23  SCV x2  
  39  5:25  SCV  
  39  5:27  Siege Tank  
  45  5:30  Bunker  
  45  5:35  SCV x2  
  47  5:37  SCV  
  48  5:45  Marine  
  48  5:47  SCV x2, Bunker  
  48  5:49  SCV  
  52  5:57  Banshee  
  52  5:58  Cloaking Field  
  52  5:59  SCV x2  
  52  6:01  SCV  
  52  6:03  Marine  
  59  6:11  Supply Depot, SCV  
  60  6:18  SCV x2  
  60  6:21  Siege Tank, Marine  
  60  6:23  SCV  
  67  6:26  Supply Depot  
  67  6:30  SCV, Bunker  
  68  6:36  Supply Depot  
  68  6:38  SCV x2  
  68  6:39  Marine  
  71  6:40  Banshee  
  71  6:43  SCV  
  71  6:45  Missile Turret  
  75  6:50  SCV  
  76  6:56  Supply Depot, Missile Turret  
  76  6:58  Missile Turret, Marine  
  77  7:04  Barracks  
  77  7:05  Barracks  
  77  7:07  Barracks  
  77  7:08  Terran Infantry Weapons Level 1  
  77  7:12  Missile Turret x2  
  77  7:13  SCV  
  78  7:16  Missile Turret  
  73  7:37  Starport Reactor  
  73  7:44  Missile Turret  
  73  7:46  Missile Turret  
  73  7:56  Barracks Reactor, Barracks Tech Lab x2  
  73  7:57  Marine  
  73  7:58  Stimpack  
  74  8:01  SCV x2  
  73  8:11  Siege Tank  
  76  8:15  Marine  
  61  8:31  Marine  
  61  8:32  Marine x2  
  61  8:33  Marine  
  65  8:39  Viking x2  
  65  8:40  SCV x2  
  71  8:42  Missile Turret  
  71  8:43  SCV  
  71  8:46  Missile Turret  
  72  8:49  Marine  
  72  8:50  Marine x2  
  72  8:51  Armory, Marine  
  72  8:52  SCV x2, Marine  
  72  8:53  Combat Shields  
  72  8:54  Concussive Shells  
  79  8:55  Engineering Bay  
  79  9:02  Building Armor  
  79  9:04  Supply Depot  
  79  9:07  Marine x2  
  79  9:08  Marine  
  79  9:09  Marine  
  83  9:10  Marine  
  83  9:13  Barracks x2  
  83  9:15  Barracks  
  83  9:16  Barracks  
  84  9:18  Missile Turret  
  84  9:24  Medivac x2  
  84  9:25  Marine x2  
  84  9:26  Marine  
  84  9:27  Marine  
  84  9:28  Marine  
  93  9:39  Command Center  
  93  9:42  Terran Infantry Weapons Level 2  
  93  9:43  Marine x3  
  93  9:44  Missile Turret, Marine  
  97  9:45  Marine  
  97  9:51  SCV x2  
  100  9:54  Medivac x2  
  104  10:02  Supply Depot  
  104  10:05  Supply Depot  
  104  10:06  Supply Depot  
  104  10:17  Missile Turret x2  
  104  10:18  Supply Depot, Missile Turret  
  102  10:30  Missile Turret  
  97  10:42  Terran Infantry Armor Level 1  
  89  10:49  Marine x6  
  86  10:50  Marauder x2, Marine  
  81  11:07  Marine x2  
  81  11:08  Marauder  
  83  11:12  Marauder  
  83  11:16  Marine x4  
  83  11:17  Marine  
  86  11:22  Missile Turret  
  86  11:24  Marine  
  86  11:25  Marine  
  88  11:27  Command Center  
  88  11:28  Missile Turret  
  88  11:29  Marine  
  88  11:32  Missile Turret, Marine  
  89  11:33  SCV  
  89  11:34  Marine x4  
  89  11:35  Marauder  
  97  11:42  Marine  
  97  11:43  Marine  
  99  11:47  Marauder  
  99  11:49  Missile Turret, Medivac  
  99  11:50  Marine, Medivac  
  110  11:56  Barracks Reactor, Marine  
  110  11:57  Barracks Reactor x2  
  110  11:58  Barracks Reactor  
  110  12:00  Marine  
  110  12:01  Marine  
  109  12:02  Terran Infantry Weapons Level 3  
  109  12:03  Supply Depot  
  109  12:08  Missile Turret, Marine  
  109  12:09  Marauder  
  109  12:14  Marine  
  107  12:31  Marine x5  
  107  12:32  Marine x2  
  107  12:33  Marine x4  
  90  12:40  Marine x2  
  83  12:48  Marine  
  83  12:49  Marine x4  
  83  12:50  Marine x3  
  83  12:51  Marine x2  
  92  12:56  Marine  
  92  12:58  Marine x2  
  90  13:06  Marine x2  
  90  13:07  Marine x3  
  90  13:08  Marine x4  
  90  13:09  Marine  
  95  13:14  Marine  
  95  13:16  Marine  
  97  13:25  Planetary Fortress  
  97  13:29  Marine x2  
  97  13:33  Missile Turret  
  99  13:34  Marine x2  
  99  13:37  Marine x2  
  99  13:38  Medivac, Marine  
  99  13:40  Medivac  
  108  13:47  Missile Turret  
  107  13:49  Refinery, Marine  
  99  14:05  Refinery  
  83  14:17  Marine  
  83  14:18  Marine x8  
  83  14:19  Marauder  
  83  14:22  Marine x3  
  93  14:34  Medivac x2  
  93  14:35  Marine  
  93  14:36  Siege Tank, Marine  
  102  14:40  Marauder  
  102  14:41  Terran Infantry Armor Level 2  
  101  15:05  Marine x3  
  100  15:12  Orbital Command  
  100  15:13  Marine  
  100  15:14  Marine x9  
  96  15:19  SCV x2  
  104  15:23  Marine x3  
  107  15:31  Marine x3  
  107  15:32  Marauder x3  
  109  15:51  Marine  
  109  15:52  Marine x9  
  109  15:53  Marine x2  
  109  15:54  Marauder  
  111  16:02  Medivac  
  111  16:03  Medivac  
  111  16:04  Siege Tank  
  111  16:09  Marine  
  111  16:10  Marine x3  
  111  16:12  Marauder x2  
  111  16:15  Marauder  
  109  16:24  Marine  
  109  16:25  Marine x5  
  104  16:27  Marine  
  104  16:32  Missile Turret  
  103  16:33  Marine x2, Marauder x2  
  103  16:34  Marine  
  103  16:36  Marauder  
  110  16:42  Marine  
  110  16:43  Marine x5  
  110  16:45  Marine  
  115  16:51  Marine x3  
  115  16:53  Missile Turret  
  118  16:54  Marauder x2  
  118  16:55  Missile Turret x2  
  118  16:58  Marauder  
  124  17:02  Marine x4  
  124  17:03  Marine  
  124  17:16  Marauder  
  101  17:27  Marine x2  
  101  17:28  Marauder  
  93  17:38  Marine x4  
Show
View Real Time Build Order
Export as new Build Order

Scord Zerg - Winner!

Build Orders: Hatch First, Muta Ling Bane 

Get SALT Encoding   

  12  0:02  Drone  
  13  0:07  Drone  
  14  0:18  Overlord  
  14  0:29  Extractor  
  14  0:30  Drone, Extractor  
  14  0:31  Drone  
  16  0:51  Hatchery  
  16  0:53  Drone  
  16  0:57  Drone  
  16  1:02  Drone  
  18  1:08  Extractor  
  17  1:19  Spawning Pool  
  17  1:20  Drone  
  17  1:23  Drone  
  18  1:28  Drone  
  20  1:40  Drone  
  20  1:49  Drone  
  21  2:00  Drone  
  22  2:05  Queen  
  22  2:06  Queen  
  26  2:12  Zergling x4  
  28  2:19  Metabolic Boost  
  28  2:20  Overlord  
  28  2:25  Drone, Extractor  
  29  2:47  Drone x4  
  29  2:48  Drone  
  29  2:50  Pneumatized Carapace  
  34  2:58  Drone  
  35  2:59  Drone  
  35  3:00  Evolution Chamber  
  35  3:16  Zergling x2  
  36  3:20  Overlord  
  36  3:22  Extractor  
  36  3:24  Zergling x4, Extractor  
  36  3:25  Zergling x2, Extractor  
  39  3:39  Zergling x2  
  39  3:40  Zergling x6  
  43  3:57  Drone  
  43  3:58  Overlord  
  44  4:04  Hatchery  
  44  4:08  Baneling Nest  
  42  4:10  Drone x2  
  42  4:11  Overlord  
  42  4:14  Zerg Melee Weapons Level 1  
  42  4:16  Drone x3  
  47  4:18  Overlord  
  47  4:20  Drone  
  47  4:21  Zergling x6  
  51  4:48  Roach Warren, Zergling x8  
  51  4:49  Zergling x2  
  51  4:52  Baneling x4  
  55  4:53  Baneling  
  48  5:21  Drone x5  
  48  5:22  Overlord  
  48  5:26  Queen  
  48  5:27  Queen x2  
  58  5:31  Drone x2  
  58  5:32  Drone x3  
  58  5:34  Extractor  
  58  5:35  Extractor  
  61  5:40  Hatchery, Drone x6  
  66  5:49  Zergling x8  
  70  5:53  Overlord  
  70  6:00  Zergling x2  
  70  6:01  Zergling x6  
  74  6:19  Baneling x2  
  74  6:22  Lair  
  74  6:26  Drone x3, Extractor  
  74  6:27  Drone x3  
  74  6:29  Baneling x3  
  74  6:30  Baneling  
  79  6:35  Baneling  
  79  6:38  Zergling x8  
  79  6:39  Zergling x12  
  89  6:51  Baneling x2  
  89  6:52  Baneling  
  89  7:07  Overlord x2  
  89  7:10  Drone x6  
  89  7:11  Drone  
  96  7:20  Spore Crawler  
  96  7:21  Spore Crawler  
  94  7:25  Spore Crawler  
  87  7:34  Overlord  
  81  7:38  Queen  
  81  7:41  Overlord x4  
  81  7:44  Overseer  
  80  7:48  Spire, Queen x3  
  80  7:50  Drone x6  
  80  7:51  Drone x4  
  93  7:52  Overlord x3  
  93  7:53  Centrifical Hooks  
  93  7:56  Zerg Ground Armor Level 1  
  92  8:04  Baneling x2  
  92  8:05  Baneling x2  
  91  8:06  Baneling x4  
  91  8:14  Queen  
  74  8:33  Extractor  
  74  8:34  Drone x4  
  75  8:35  Extractor  
  75  8:37  Extractor  
  75  8:38  Overseer  
  75  8:40  Extractor  
  73  8:49  Zergling x4  
  73  8:50  Zergling x6  
  73  8:53  Overlord  
  73  8:54  Drone x6  
  84  9:02  Zerg Flyer Weapons Level 1  
  84  9:03  Mutalisk x5  
  84  9:09  Drone x3  
  97  9:10  Drone x3  
  100  9:18  Drone x3  
  100  9:19  Drone x2  
  105  9:30  Overseer  
  105  9:44  Evolution Chamber  
  104  9:50  Zerg Missile Weapons Level 1  
  104  9:51  Infestation Pit  
  103  10:24  Hatchery  
  103  10:25  Roach, Zergling x10  
  103  10:26  Roach x10, Zergling x14  
  103  10:27  Roach x4, Zergling x6  
  141  10:33  Hatchery  
  121  10:39  Hatchery  
  108  10:54  Drone x7  
  108  10:55  Drone x4  
  114  11:02  Drone  
  114  11:03  Drone x3  
  117  11:22  Hive  
  117  11:23  Zerg Melee Weapons Level 2  
  117  11:41  Hatchery  
  116  11:48  Mutalisk  
  116  11:49  Mutalisk x18  
  154  11:54  Drone x4  
  154  11:55  Drone, Overlord x3  
  154  11:56  Overlord  
  159  12:03  Zerg Ground Armor Level 2  
  159  12:05  Zergling x8  
  159  12:06  Zergling x6  
  166  12:09  Overseer x2  
  141  12:39  Viper x2  
  146  12:44  Zergling x10  
  146  12:45  Zergling x36  
  168  12:53  Extractor  
  168  12:55  Extractor  
  163  12:59  Drone x8  
  163  13:00  Overlord x3, Viper  
  163  13:01  Viper  
  171  13:06  Adrenal Glands  
  163  13:17  Baneling  
  163  13:18  Baneling x4  
  109  14:27  Corruptor  
  109  14:28  Corruptor x5  
  118  14:31  Mutalisk x4  
  118  14:32  Mutalisk x4  
  118  14:34  Drone x5  
  118  14:35  Drone  
  118  14:36  Drone x6  
  146  14:40  Drone x6  
  146  14:41  Drone  
  153  14:47  Spine Crawler, Ultralisk Cavern  
  153  14:48  Spine Crawler  
  153  14:49  Spine Crawler  
  139  15:13  Greater Spire  
  136  15:15  Zerg Ground Armor Level 3, Zerg Melee Weapons Level 3  
  136  15:20  Zergling x16  
  136  15:21  Zergling x4  
  144  15:26  Mutalisk x4  
  144  15:27  Roach  
  144  15:28  Zergling x14  
  159  15:29  Zergling x18  
  159  15:30  Overlord  
  143  16:12  Ultralisk  
  143  16:13  Ultralisk x3  
  155  16:26  Extractor  
  155  16:28  Drone x5, Extractor  
  155  16:32  Zergling x16  
  166  16:33  Zergling x16  
  166  16:34  Zergling x12  
  178  16:42  Brood Lord x3  
  178  16:43  Brood Lord x2  
  188  16:49  Drone x3  
  188  16:50  Drone x3  
  194  16:55  Spore Crawler  
  194  16:58  Spore Crawler  
  192  17:04  Baneling x4  
  192  17:05  Baneling x8  
  192  17:06  Baneling x8  
  192  17:07  Zergling x2  
  192  17:08  Zergling x6  
  192  17:18  Zergling x2  
  192  17:19  Zergling x14  
Tags
 
Add a new tag
Caveats
  • Supply blocks, unpowered buildings, or Contaminate may cause inaccurate times.
  • Supply counts are checked every 10 seconds.